 Dungeon Crawl Stone Soup version 0.31-a0-190-g4feb4907b2 (webtiles) character file.

Game seed: 7790384822306697111

144 qw the Skirmisher (level 5, -5/29 HPs)
             Began as a Deep Elf Hunter on June 23, 2023.
             Slain by a gnoll bouda
             ... wielding a +0 whip
              (6 damage)
             ... on level 4 of the Dungeon.
             The game lasted 00:00:47 (2338 turns).

qw the Skirmisher (Deep Elf Hunter)                 Turns: 2338, Time: 00:00:48

Health: -5/29      AC:  6    Str: 10    XL:     5   Next: 5%
Magic:  7/7        EV: 11    Int: 14    God:
Gold:   145        SH:  0    Dex: 18    Spells: 4/4 levels left

rFire   . . .        Y - +0 shortbow
rCold   . . .        (shield currently unavailable)
rNeg    . . .        i - +0 ring mail
rPois   .            (no helmet)
rElec   .            e - +0 cloak
rCorr   .            (no gloves)
SInv    .            (no boots)
Will    .....        (no amulet)
Stlth   +            (no ring)
HPRegen 0.24/turn    (no ring)
MPRegen 0.10/turn

%: no passive effects
@: weakened
A: no striking features
a: no special abilities


You were on level 4 of the Dungeon.
You visited 1 branch of the dungeon, and saw 4 of its levels.

You collected 145 gold pieces.


   Skills:
 - Level 1.5 Fighting
 + Level 8.4 Ranged Weapons
 - Level 2.4 Dodging
 - Level 1.2 Stealth


You had 4 spell levels left.
You didn't know any spells.
Your spell library was empty.

Inventory:

Hand Weapons
 Y - a +0 shortbow (weapon)
Armour
 e - a +0 cloak (worn)
 i - a +0 ring mail (worn)
Jewellery
 b - a ring of protection from cold
Scrolls
 a - a scroll of noise {unknown}
 c - 2 scrolls of identify
Potions
 g - 2 potions of haste
 h - a potion of enlightenment

Dungeon Overview and Level Annotations

Branches:
Dungeon (4/15)
 Temple: D:4-7

Altars:

Annotations:
D:3 1 runed translucent door, qw's ghost, amateur DEHu


Message History

The arrow hits the gnoll bouda.
The gnoll bouda is heavily wounded.
The gnoll hits you from afar with a +0 spear.
The gnoll bouda calls upon its god to heal the gnoll.
The gnoll's wounds heal themselves!
You shoot an arrow. The arrow hits the gnoll.
The gnoll is lightly wounded.
The gnoll barely misses you.
You shoot an arrow. The arrow hits the gnoll bouda.
The gnoll bouda is almost dead.
The gnoll hits you but does no damage.
The gnoll bouda calls upon its god to heal the gnoll.
The gnoll's wounds heal themselves!
You shoot an arrow.
The arrow hits the gnoll bouda but does no damage.
The gnoll bouda is almost dead.
The gnoll hits you from afar with a +0 spear.
The gnoll bouda gazes fiercely through you!
You feel as though you will be weak longer.
You shoot an arrow.
The arrow hits the gnoll bouda but does no damage.
The gnoll bouda is almost dead.
The gnoll hits you from afar with a +0 spear.
The gnoll bouda barely misses you.
You shoot an arrow.
The arrow closely misses the gnoll bouda.
The arrow hits the gnoll but does no damage.
The gnoll hits you but does no damage. The gnoll bouda closely misses you.
You shoot an arrow.
The arrow barely misses the gnoll bouda.
The arrow barely misses the gnoll.
The gnoll barely misses you.
The gnoll bouda utters an invocation to its god.
The gnoll bouda is healed somewhat.
The gnoll hits you from afar with a +0 spear.
You shoot an arrow. The arrow hits the gnoll bouda.
The gnoll bouda is severely wounded.
The gnoll hits you from afar with a +0 spear.
The gnoll bouda hits you with a +0 whip.
You die...

###.....# # #####.# #
#.## # #..# ########.#
.......#.### #######
######.....######..[..#
.....##.#...........<#
..... #.###..##@g....#
.... #.. #..........#
## ###...###g.....# .
..... ..###### ##
######.... .... #>.).
#.....


You could see a gnoll bouda and a gnoll (swift).

Vanquished Creatures
  Jessica (D:2)
  An iguana (D:4)
  3 gnolls (D:4)
  A shadow imp (D:4)
  A worm (D:2)
  A dart slug (D:1)
  2 orcs (D:4)
  6 ball pythons
  7 endoplasms
  4 giant cockroaches
  2 goblins (D:1)
  6 hobgoblins
  A quokka (D:1)
  3 bats (D:2)
  4 frilled lizards
  4 kobolds
  2 rats (D:2)
49 creatures vanquished.

Notes
Turn   | Place    | Note
-------+----------+-------------------------------------------
     0 | D:1      | qw the Deep Elf Hunter began the quest for the Orb.
     0 | D:1      | Reached XP level 1. HP: 12/12 MP: 3/3
     0 | D:1      | 0 ||| qw: Version: 0.3-a-9-g12657ce
     0 | D:1      | 0 ||| qw: Game counter: 4501
     0 | D:1      | 0 ||| qw: Always use a shield: true
     0 | D:1      | 0 ||| qw: God list: Okawaru
     0 | D:1      | 0 ||| qw: Allow faded altars: false
     0 | D:1      | 0 ||| qw: Do Orc after D:15 true
     0 | D:1      | 0 ||| qw: Do second Lair branch before Depths: true
     0 | D:1      | 0 ||| qw: Lair rune preference: random
     0 | D:1      | 0 ||| qw: Plans: Normal
     0 | D:1      | 0 ||| PLANNING D:1-11
    88 | D:1      | Reached XP level 2. HP: 16/16 MP: 4/4
   127 | D:1      | Reached skill level 6 in Ranged Weapons
   762 | D:1      | 762 ||| UPGRADING to +0 ring mail.
   772 | D:1      | 772 ||| DROPPING +0 leather armour.
   773 | D:1      | 773 ||| READING scroll labelled UXUESIF WEDWOA.
   774 | D:1      | 774 ||| DRINKING 3 grey potions.
   775 | D:1      | 775 ||| DROPPING scroll of butterflies.
   803 | D:2      | 803 ||| STAIRDANCE
   919 | D:2      | Noticed Jessica
   921 | D:2      | Killed Jessica
   922 | D:2      | Reached skill level 7 in Ranged Weapons
   922 | D:2      | Reached XP level 3. HP: 20/20 MP: 5/5
  1535 | D:2      | 1535 ||| UPGRADING to +0 cloak.
  1540 | D:2      | 1540 ||| READING scroll labelled NONASS PAMO.
  1541 | D:2      | 1541 ||| READING scroll labelled WORYIWNING.
  1542 | D:2      | 1542 ||| DRINKING 3 green potions.
  1543 | D:2      | 1543 ||| DRINKING 2 bubbling brown potions.
  1544 | D:2      | 1544 ||| DROPPING 2 potions of brilliance.
  1589 | D:3      | Found a runed translucent door.
  1637 | D:3      | Reached XP level 4. HP: 25/25 MP: 6/6
  1681 | D:3      | Found a faded altar of an unknown god.
  1780 | D:3      | Noticed qw's ghost (amateur DEHu)
  2022 | D:3      | 2022 ||| READING scroll labelled RITWUOPPASS.
  2051 | D:3      | 2051 ||| READING 4 scrolls of identify.
  2051 | D:3      | 2051 ||| IDENTIFYING pink potion
  2052 | D:3      | 2052 ||| READING 3 scrolls of identify.
  2052 | D:3      | 2052 ||| IDENTIFYING smoky blue potion
  2053 | D:3      | 2053 ||| READING 2 scrolls of identify.
  2053 | D:3      | 2053 ||| IDENTIFYING glowing amethyst potion
  2054 | D:3      | 2054 ||| DROPPING potion of ambrosia.
  2055 | D:3      | 2055 ||| DROPPING potion of degeneration.
  2056 | D:3      | 2056 ||| DROPPING potion of invisibility.
  2176 | D:4      | Reached skill level 8 in Ranged Weapons
  2324 | D:4      | Reached XP level 5. HP: 18/29 MP: 7/7
  2334 | D:4      | HP: 7/29 [gnoll/+0 spear[a gnoll bouda] (2)]
  2338 | D:4      | HP: 1/29 [gnoll/+0 spear[a gnoll bouda] (4)]
  2338 | D:4      | Slain by a gnoll bouda

Levels and vault maps discovered:
D:1:      amcnicky_arrival_choice, layout_basic, chequers_serial_rivers_micro_c
D:2:      layout_loops_corners, uniq_jessica
D:3:      layout_basic, chequers_ecumenical_altar_simple_redux,
          ebering_ghost_sewer_d
D:4:      layout_rooms, chequers_temple_overflow_minitemple

Skill      XL: |  1  2  3  4 |
---------------+-------------+-----
Ranged Weapons | 7 8 |  8.4
Fighting       | |  1.5
Dodging        | |  2.4
Stealth        | |  1.2

Action                     |  1- 3 |  4- 6 || total
---------------------------+-------+-------++-------
   Fire: Shortbow          |    86 |    65 ||   151
    Use: Scroll            |     3 |     4 ||     7
         Potion            |     3 |       ||     3
 Armour: Ring mail         |     4 |     6 ||    10
         Leather armour    |     1 |       ||     1
  Dodge: Dodged            |    10 |    10 ||    20

Table legend:
 A = Non-vault XP
 B = Vault XP
 C = Vault XP percentage of total XP
 D = Non-vault monster count
 E = Vault monster count
 F = Vault count percentage of total count
                 A         B        C        D         E       F
            +---------+---------+-------+---------+---------+-------
      Total |     169 |      37 |  18.0 |      48 |       1 |   2.0
            +---------+---------+-------+---------+---------+-------
        D:1 |      30 |       0 |   0.0 |      15 |       0 |   0.0
        D:2 |      22 |      37 |  62.7 |      13 |       1 |   7.1
        D:3 |      16 |       0 |   0.0 |      11 |       0 |   0.0
        D:4 |     101 |       0 |   0.0 |       9 |       0 |   0.0
            +---------+---------+-------+---------+---------+-------
